[Event "HUN-ch U8-U18 2019"]
[Site "Balatonlelle"]
[Date "2019.06.26"]
[Round "8.23"]
[White "Gergely, Daniel"]
[Black "Megyaszai, Balazs"]
[Result "0-1"]
[ECO "D00"]
[WhiteElo "1427"]
[BlackElo "1905"]
[Annotator "NA RC"]
[PlyCount "98"]
[EventDate "2019.06.21"]
[EventType "swiss"]
[EventCountry "HUN"]
[SourceTitle "playchess.com"]
[Source "ChessBase"]
[SourceQuality "1"]
[TimeControl "40/5400+30:1800+30"]

1. d4 d5 2. Bf4 Nf6 3. e3 c5 4. c3 Nc6 5. Nf3 Qb6 6. Qc2 Bf5 7. dxc5 Bxc2 8. cxb6 Bxb1 9. Rxb1 axb6 10. a3 e6 11. Bb5 Nd7 12. O-O Be7 13. Nd4 Na7 14. Bxd7+ Kxd7 15. Bg3 Nc6 16. f4 g6 17. Rbe1 Rhd8 18. Rf2 Ke8 19. Rfe2 Bf6 20. Bf2 Ra4 21. Kh1 Kf8 22. Rd2 Kg7 23. Rg1 h5 24. g4 hxg4 25. Rxg4 Bxd4 26. exd4 Rc8 27. Bg3 Ne7 28. h4 Rh8 29. Rh2 Raa8 30. h5 Nf5 31. Bf2 Rag8 32. hxg6 fxg6 33. Rxh8 Rxh8+ 34. Kg2 b5 35. Rg5 Rh7 36. Rg4 Rh8 37. Rg5 Kf7 38. Rg4 Rh7 39. Rg5 Kg7 40. Rg4 Rh8 41. Rg5 Kf6 42. Rg4 Rh7 43. Rg5 Nd6 44. Be3 Ne4 45. Rg4 Kf5 46. Rg5+ Nxg5 47. fxg5 Kg4 48. Bd2 Rh3 49. Bc1 Rd3 0-1